 Dungeon Crawl Stone Soup version 0.29.1-2-gbd0b4ee654 (webtiles) character file.

Game seed: 2325488298275897161

697 hawla the Slasher (level 7, 0/51 HPs)
             Began as a Gnoll Wanderer on Nov 19, 2022.
             Was an Initiate of Ashenzari.
             Slain by a river rat (9 damage)
             ... in a sewer.
             The game lasted 00:14:54 (6455 turns).

hawla the Slasher (Gnoll Wanderer)                  Turns: 6455, Time: 00:14:54

Health: 0/51       AC:  2    Str: 11    XL:     7   Next: 65%
Magic:  13/13      EV: 12    Int: 13    God:    Ashenzari [......]
Gold:   278        SH:  4    Dex: 12    Spells: 11/14 levels left

rFire   . . .      SeeInvis .   t - +0 double sword
rCold   + . .      Faith    .   b - +0 buckler
rNeg    . . .      Spirit   .   d - +0 robe
rPois   +          Reflect  .   E - +0 hat
rElec   .          Harm     .   (no cloak)
rCorr   .          Rampage  .   (no gloves)
Will    .....                   (no boots)
Stlth   ++........              v - amulet of magic regeneration
HPRegen 0.17/turn               q - ring of poison resistance
MPRegen 0.53/turn               n - ring of protection from cold

@: no status effects
A: fangs 1, strong nose, distributed training
a: Renounce Religion, Curse Item


You were in a sewer.
You worshipped Ashenzari.
Ashenzari was noncommittal.
You visited 1 branch of the dungeon, and saw 6 of its levels.
You also visited: Sewer.

You collected 278 gold pieces.

Inventory:

Hand Weapons
 t - a +0 double sword (weapon)
Missiles
 z - 3 boomerangs (quivered)
 C - 2 atropa-tipped darts
Armour
 b - a +0 buckler (worn)
 d - a +0 robe (worn)
 E - a +0 hat (worn)
Magical Staves
 f - a staff of cold
Jewellery
 m - a +4 ring of evasion
 n - a ring of protection from cold (right hand)
 q - a ring of poison resistance (left hand)
 s - a +4 ring of protection
 v - an amulet of magic regeneration (around neck)
 D - a ring of ice
Scrolls
 a - a scroll of amnesia
 h - 4 scrolls of identify
 j - 3 scrolls of silence
 o - 2 scrolls of magic mapping
 p - a scroll of blinking {unknown}
 r - a scroll of enchant weapon {unknown}
 y - a scroll of noise {unknown}
 A - a scroll of immolation {unknown}
Potions
 c - a potion of curing
 l - 5 potions of might
 u - 2 potions of resistance {unknown}
 w - a potion of attraction {unknown}
 x - 3 potions of heal wounds {unknown}
 B - a potion of lignification {unknown}


   Skills:
 + Level 2.7 Fighting
 + Level 2.7 Short Blades
 + Level 7.1 Long Blades
 + Level 2.7 Axes
 + Level 2.7 Maces & Flails
 + Level 2.7 Polearms
 + Level 2.7 Staves
 + Level 2.7 Ranged Weapons
 + Level 3.8 Throwing
 + Level 2.7 Armour
 + Level 3.8 Dodging
 + Level 2.7 Stealth
 + Level 3.8 Shields
 + Level 2.7 Unarmed Combat
 + Level 4.0 Spellcasting
 + Level 2.2 Conjurations
 + Level 2.2 Hexes
 + Level 2.2 Summonings
 + Level 2.2 Necromancy
 + Level 2.2 Translocations
 + Level 2.2 Transmutations
 + Level 2.2 Fire Magic
 + Level 5.9 Ice Magic
 + Level 2.2 Air Magic
 + Level 2.2 Earth Magic
 + Level 2.2 Poison Magic
 + Level 3.0 Invocations
 + Level 2.7 Evocations


You had 11 spell levels left.
You knew the following spells:

 Your Spells              Type           Power      Damage    Failure   Level
a - Freeze                Ice            72%        1d9       2%          1
b - Searing Ray           Conj           16%        2d5       16%         2

Your spell library contained the following spells:

 Spells                   Type           Power      Damage    Failure   Level
 Ozocubu's Armour         Ice            18%        N/A       7%          3
 Magic Dart               Conj           32%        1d4       11%         1
 Sandblast                Erth           16%        2d6       11%         1
 Passwall                 Tmut/Erth      6%         N/A       16%         2
 Stone Arrow              Conj/Erth      16%        3d8       32%         3
 Ice Form                 Ice/Tmut       13%        N/A       43%         4
 Fulminant Prism          Conj/Hex       4%         3d6       71%         4


Dungeon Overview and Level Annotations

Branches:
Dungeon (6/15)              Sewer (1/1)
 Temple: D:4-7

Altars:
Ashenzari


Innate Abilities, Weirdness & Mutations

You have very sharp teeth.
Your uncanny sense of smell can sniff out nearby items.
Your experience applies equally to all skills.


Message History

The river rat closely misses you.
You slash the river rat!
You kill the river rat!
You see here a river rat corpse.
Throw: 3 boomerangs
Press: ? - help, Q - select action, (/) - cycle Shift-Dir - straight line, f - river rat
Aim: a river rat (55% to hit)
You throw a boomerang.
The boomerang closely misses the river rat.
Throw: 3 boomerangs
Press: ? - help, Q - select action, (/) - cycle Shift-Dir - straight line, f/p - river rat
Aim: a river rat (55% to hit)
You throw a boomerang.
The boomerang barely misses the river rat.
You hit the river rat.
You bite the river rat, but do no damage.
The river rat is heavily wounded.
The river rat barely misses you.
You completely miss the river rat.
The river rat is heavily wounded.
The river rat misses you. The river rat bites you.
You barely miss the river rat.
The river rat is heavily wounded.
The river rat misses you.
You hit the river rat.
The river rat is almost dead.
You block the river rat's attack.
You hit the river rat but do no damage.
You bite the river rat, but do no damage.
The river rat is almost dead.
The river rat bites you.
* * * LOW HITPOINT WARNING * * *
You hit the river rat. Your bite misses the river rat.
The river rat is almost dead.
The river rat bites you.
* * * LOW HITPOINT WARNING * * *
You closely miss the river rat.
The river rat is almost dead.
The river rat bites you!
You die...

##### #∩..## ##### #
###..#####..∩# ##### r.##
##..##...######.†.##########
....##.......#####........##..#..
rr............##.†.........#.....
.........(.(.†.r@†.........'...)#
r................†.........#.....
.....................≈~~≈~≈#..#..
...........≈≈~~~~~≈~~≈≈≈≈≈≈######
≈≈~.......≈≈≈≈≈≈≈≈≈≈≈≈≈≈≈≈≈≈≈
≈≈≈≈≈≈≈~≈~≈≈≈≈≈≈≈≈≈≈≈≈≈≈≈≈≈≈≈≈
≈≈≈~≈~~~~~~~~≈≈≈≈≈≈≈≈≈≈≈≈≈≈≈≈≈≈
......~≈≈~~~~~≈≈≈≈≈≈≈≈≈≈≈


You could see a river rat.

Vanquished Creatures
  A black bear (D:6)
  An ogre (D:4)
  2 scorpions (D:4)
  A necrophage (D:4)
  2 hounds
  An orc wizard (D:5)
  Natasha (thrice) (D:4)
  4 adders
  5 river rats
  2 worms
  4 dart slugs
  13 orcs
  4 endoplasms
  4 giant cockroaches
  6 goblins
  2 hobgoblins (D:3)
  3 quokkas
  13 ball pythons
  5 bats
  4 frilled lizards
  6 kobolds
  9 rats
95 creatures vanquished.

Vanquished Creatures (others)
  10 fungi (D:4)
  3 toadstools (D:4)
13 creatures vanquished.

Grand Total: 108 creatures vanquished

Notes
Turn   | Place    | Note
-------+----------+-------------------------------------------
     0 | D:1      | hawla the Gnoll Wanderer began the quest for the Orb.
     0 | D:1      | hawla set off with the following items: a +0 falchion, a +0
                  | buckler, a potion of curing, a +0 robe; and the following
                  | spell memorised: Freeze; and the following spells available
                  | to memorise: Ozocubu's Armour, Ice Form.
     0 | D:1      | Reached XP level 1. HP: 13/13 MP: 4/4
   289 | D:1      | Reached XP level 2. HP: 19/19 MP: 5/5
   292 | D:1      | Learned a level 2 spell: Searing Ray
   725 | D:1      | Found a faded altar of an unknown god.
  1410 | D:2      | Reached XP level 3. HP: 25/25 MP: 5/7
  1825 | D:2      | Reached skill level 1 in Invocations
  2247 | D:3      | Reached skill level 1 in Fighting
  2247 | D:3      | Reached skill level 1 in Short Blades
  2247 | D:3      | Reached skill level 1 in Axes
  2247 | D:3      | Reached skill level 1 in Maces & Flails
  2247 | D:3      | Reached skill level 1 in Polearms
  2247 | D:3      | Reached skill level 1 in Staves
  2247 | D:3      | Reached skill level 1 in Ranged Weapons
  2247 | D:3      | Reached skill level 1 in Armour
  2247 | D:3      | Reached skill level 1 in Stealth
  2247 | D:3      | Reached skill level 1 in Unarmed Combat
  2247 | D:3      | Reached skill level 1 in Evocations
  2307 | D:3      | Reached XP level 4. HP: 8/32 MP: 5/8
  2960 | D:3      | Found a broken altar of Ashenzari.
  2986 | D:3      | Became a worshipper of Ashenzari the Shackled
  3254 | D:4      | Noticed Natasha
  3264 | D:4      | Reached skill level 1 in Conjurations
  3264 | D:4      | Reached skill level 1 in Hexes
  3264 | D:4      | Reached skill level 1 in Summonings
  3264 | D:4      | Reached skill level 1 in Necromancy
  3264 | D:4      | Reached skill level 1 in Translocations
  3264 | D:4      | Reached skill level 1 in Transmutations
  3264 | D:4      | Reached skill level 1 in Fire Magic
  3264 | D:4      | Reached skill level 1 in Air Magic
  3264 | D:4      | Reached skill level 1 in Earth Magic
  3264 | D:4      | Reached skill level 1 in Poison Magic
  3264 | D:4      | Killed Natasha
  3532 | D:4      | Noticed Natasha
  3542 | D:4      | Reached XP level 5. HP: 26/37 MP: 5/9
  3548 | D:4      | Killed Natasha
  3874 | D:4      | Noticed Natasha
  3885 | D:4      | Killed Natasha
  4186 | D:4      | Reached XP level 6. HP: 41/44 MP: 9/11
  4815 | D:4      | Reached skill level 7 in Long Blades
  4815 | D:4      | Reached XP level 7. HP: 50/50 MP: 12/12
  5381 | D:5      | Entered Level 5 of the Dungeon
  5381 | D:5      | Noticed a gargoyle
  6054 | D:6      | Found a glowing drain.
  6069 | D:6      | Identified the +0 chain mail of Starshine {rC++}
  6076 | Sewer    | Entered a sewer
  6455 | Sewer    | Slain by a river rat

Illustrated notes

Levels and vault maps discovered:
D:1:      lemuel_arrival_room, layout_basic, shapermc_ecumenical_altar_acropolis
D:2:      layout_loops_corners, kennysheep_generic_room_9
D:3:      layout_loops_corners, evilmike_ruin_ashenzari
D:4:      layout_cave_pods, minmay_gold_behind_fungi, uniq_natasha
D:5:      layout_cave_pools, okawaru_metal_pillars_3, serial_shops,
          kennysheep_mini, kennysheep_another_room, kb_lookout_dungeons_type,
          uniq_duvessa
D:6:      layout_rooms, tso_metal_star, portal_sewer_entry_b
Sewer:    sewer_minmay_treatment

Skill      XL: |  1  2  3  4  5  6  7 |
---------------+----------------------+-----
Invocations    | 1 2 3 |  3.0
Fighting       | 1 2 |  2.7
Short Blades   | 1 2 |  2.7
Axes           | 1 2 |  2.7
Maces & Flails | 1 2 |  2.7
Polearms       | 1 2 |  2.7
Staves         | 1 2 |  2.7
Ranged Weapons | 1 2 |  2.7
Armour         | 1 2 |  2.7
Stealth        | 1 2 |  2.7
Unarmed Combat | 1 2 |  2.7
Evocations     | 1 2 |  2.7
Spellcasting   | 3 4 |  4.0
Conjurations   | 1 2 |  2.2
Hexes          | 1 2 |  2.2
Summonings     | 1 2 |  2.2
Necromancy     | 1 2 |  2.2
Translocations | 1 2 |  2.2
Transmutations | 1 2 |  2.2
Fire Magic     | 1 2 |  2.2
Air Magic      | 1 2 |  2.2
Earth Magic    | 1 2 |  2.2
Poison Magic   | 1 2 |  2.2
Throwing       | 3 |  3.8
Dodging        | 3 |  3.8
Shields        | 3 |  3.8
Long Blades    | 7 |  7.1
Ice Magic      | |  5.9

Action                   |  1- 3 |  4- 6 |  7- 9 || total
-------------------------+-------+-------+-------++-------
Melee: Staff             |    72 |       |       ||    72
       Falchion          |     4 |       |       ||     4
       Bite              |     6 |     3 |    12 ||    21
       Double sword      |    13 |    43 |    78 ||   134
Throw: Dart              |     1 |     2 |    16 ||    19
       Boomerang         |       |    14 |    11 ||    25
 Cast: Freeze            |    13 |    19 |     2 ||    34
       Searing Ray       |       |     4 |     6 ||    10
  Use: Potion            |       |     3 |     4 ||     7
       Scroll            |       |     3 |     5 ||     8
 Stab: Sleeping          |     3 |     2 |     2 ||     7
Armor: Robe              |    15 |    11 |    13 ||    39
Dodge: Dodged            |    57 |    37 |    83 ||   177
Block: Buckler           |    23 |     8 |    22 ||    53
